 Dungeon Crawl Stone Soup version 0.27-a0-1200-g94dc6ad4cf (webtiles) character file.

Game seed: 696294985034432096

14 freelancePsychic the Skirmisher (level 2, 0/24 HPs)
             Began as a Demonspawn Abyssal Knight on May 31, 2021.
             Was a Follower of Lugonu.
             Succumbed to an adder's poison
             ... on level 1 of the Dungeon.
             The game lasted 00:01:44 (936 turns).

freelancePsychic the Skirmisher (DsAK)               Turns: 936, Time: 00:01:45

Health: 0/24       AC:  9    Str: 12    XL:     2   Next: 31%
Magic:  4/4        EV: 10    Int: 13    God:    Lugonu [*.....]
Gold:   40         SH:  0    Dex: 12    Spells: 1/1 levels left

rFire    . . .     SeeInvis .   a - +1 spear
rCold    . . .     Faith    .   (no shield)
rNeg     . . .     Spirit   .   g - +0 ring mail
rPois    .         Reflect  .   (no helmet)
rElec    .         Harm     .   (no cloak)
rCorr    .         Rampage  .   (no gloves)
Will     .....                  (no boots)
Stlth    +.........             h - amulet of magic regeneration
HPRegen  0.08/turn              c - ring of wizardry
MPRegen  0.34/turn              l - +4 ring of protection

@: lethally poisoned (0 -> -5), unable to read, attractive
A: powered by death 1, [inability to read while threatened]
a: Renounce Religion, Depart the Abyss


You were on level 1 of the Dungeon.
You worshipped Lugonu.
Lugonu was aware of your devotion.
You visited 1 branch of the dungeon, and saw 2 of its levels.
You visited the Abyss 1 time.

You collected 40 gold pieces.

Inventory:

Hand Weapons
 a - a +1 spear (weapon)
Armour
 b - a +0 leather armour
 e - a +1 hat
 g - a +0 ring mail (worn)
Jewellery
 c - a ring of wizardry (left hand)
 h - an amulet of magic regeneration (around neck)
 l - a +4 ring of protection (right hand)
Scrolls
 i - a scroll of immolation {unknown}
Potions
 d - a potion of attraction
 j - a potion of curing {unknown}
 k - a potion of degeneration {unknown}


   Skills:
 - Level 3.0 Fighting
 * Level 2.4 Polearms
 - Level 1.8 Armour
 - Level 0.9 Dodging
 + Level 0.2 Necromancy
 - Level 2.8 Invocations


You had one spell level left.
You didn't know any spells.
Your spell library contained the following spells:

 Spells                   Type           Power      Damage    Failure   Level
 Animate Skeleton         Necr           0%         N/A       26%         1
 Pain                     Necr           0%         1d4       26%         1
 Vampiric Draining        Necr           0%         2d6       56%         3
 Animate Dead             Necr           0%         N/A       91%         4
 Agony                    Necr           0%         N/A       99%         5


Dungeon Overview and Level Annotations

Branches:
Dungeon (2/15)

Altars:


Innate Abilities, Weirdness & Mutations

You regenerate a little health from kills.
[You sometimes lose the ability to read scrolls when taking damage.]


Message History

You miss the adder.
The adder is moderately wounded.
The adder bites you but does no damage. The rat bites you but does no damage.
The adder closely misses you.
You miss the adder.
The adder is moderately wounded.
The rat bites you but does no damage. The adder bites you.
You feel threatened and lose the ability to read scrolls!
You miss the adder.
The adder is moderately wounded.
The rat bites you but does no damage. The adder bites you.
You barely miss the adder.
The adder is moderately wounded.
The adder barely misses you. The rat bites you but does no damage.
You miss the adder.
The adder is moderately wounded.
The adder barely misses you. The rat bites you. The adder barely misses you.
You barely miss the adder.
The adder is moderately wounded.
The rat bites you.
* * * LOW HITPOINT WARNING * * *
The adder bites you.
* * * LOW HITPOINT WARNING * * *
You are lethally poisoned!
The adder poisons you!
You closely miss the adder.
The adder is moderately wounded.
* * * LOW HITPOINT WARNING * * *
You feel sick. The adder bites you but does no damage.
The rat closely misses you.
It was a potion of attraction.
You feel attractive to monsters.
* * * LOW HITPOINT WARNING * * *
You feel sick. The adder bites you but does no damage.
The rat closely misses you. The adder bites you.
* * * LOW HITPOINT WARNING * * *
It was a potion of cancellation.
Your magical effects are unravelling.
You feel magically purged.
You die...

######## ### #######...)..#
#### #.. #.......####.# #..###
##.# #.......#....#
#....####... #.......#.####
########.....#..≈.
####..#.#.##.#
#@rJ...#8..≈....≈.
#.........###S####.##...≈..≈≈≈
#.####.##.##..####.#.....≈≈≈≈≈
#.......#.##..#........≈≈≈≈...
#########.#...#.#....≈≈≈≈≈..<.
#.#.#.#.#......≈≈≈≈...
#...#.#.#..#.....≈≈≈≈≈
#########..##.#.#..##...≈..≈≈≈
#...............#..#8..≈....≈.


You could see an adder, an endoplasm and a rat.

Vanquished Creatures
  2 ball pythons
  A bat (D:1)
  3 endoplasms (D:1)
  2 goblins (D:1)
  A quokka (D:1)
  A frilled lizard (D:1)
  3 kobolds (D:1)
13 creatures vanquished.

Notes
Turn   | Place    | Note
-------+----------+-------------------------------------------
     0 | Abyss:1  | freelancePsychic the Demonspawn Abyssal Knight began the
                  | quest for the Orb.
     0 | Abyss:1  | Reached XP level 1. HP: 18/18 MP: 2/2
    75 | Abyss:1  | Noticed a wretched star
    76 | D:1      | Escaped the Abyss
   535 | D:1      | Gained mutation: You regenerate a little health from kills.
                  | [demonic ancestry]
   535 | D:1      | Reached XP level 2. HP: 20/24 MP: 4/4
   830 | D:1      | Reached * piety under Lugonu
   935 | D:1      | HP: 1/24 [adder (1)]
   936 | D:1      | Succumbed to an adder's poison

Illustrated notes

Levels and vault maps discovered:
D:1:      eino_arrival_water_star, layout_basic
D:2:      layout_loops_ring, serial_shops, shop, shop

Skill      XL: |  1 |
---------------+----+-----
Polearms       | 2 |  2.4
Fighting       | |  3.0
Armour         | |  1.8
Dodging        | |  0.9
Necromancy     | |  0.2
Invocations    | |  2.8

Action                   || total
-------------------------++-------
Melee: Spear             ||    58
Invok: Depart the Abyss  ||     1
  Use: Potion            ||     2
Armor: Leather armour    ||     4
       Ring mail         ||    28
Dodge: Dodged            ||    30

Table legend: (Time is in decaauts)
 A = Elapsed time spent in this place.
 B = Non-inter-level travel time spent in this place.
 C = Inter-level travel time spent in this place.
 D = Time resting spent in this place.
 E = Time spent auto-exploring this place.
 F = Levels seen in this place.
 G = Mean time per level.
                   A        B        C        D        E       F      G
               +--------+--------+--------+--------+--------+-----+--------+
         Total |    935 |    908 |     27 |      0 |    775 |   3 |  311.7 |
       Dungeon |    859 |    832 |     27 |      0 |    701 |   2 |  429.5 |
         Abyss |     76 |     76 |      0 |      0 |     74 |   1 |   76.0 |
               +--------+--------+--------+--------+--------+-----+--------+

Top non-repeatable levels by time:
     D:1: 853 daAuts
 Abyss:1: 76 daAuts
     D:2: 5 daAuts
